Map: Wolfe Industries Compound

Players

zod - Winner!

  • Race: Protoss Protoss
  • League: Silver
  • Spawn Location: 7:00

Blubbel - Winner!

  • Race: Terran Terran
  • League: Silver
  • Spawn Location: 7:00

Smexxi

  • Race: Zerg Zerg
  • League: Platinum
  • Spawn Location: 3:00

SadlyBoat

  • Race: Zerg Zerg
  • Spawn Location: 12:00

VOD

Have the link to the VOD?

Description

Time

  • Played on: Jan. 12, 2016, 1 p.m.
  • Length: 16:23
Show
View Real Time Build Order
Export as new Build Order

zod Protoss - Winner!

Build Orders: 1 Gate Expand, Mass Adepts 

Get SALT Encoding   

  12  0:01  Probe (Chrono Boost)  
  13  0:13  Probe (Chrono Boost)  
  14  0:20  Pylon  
  14  0:23  Probe (Chrono Boost)  
  15  0:38  Probe (Chrono Boost)  
  15  0:41  Gateway  
  16  0:49  Probe (Chrono Boost)  
  17  0:50  Pylon  
  17  1:00  Probe (Chrono Boost)  
  18  1:19  Probe (Chrono Boost)  
  19  1:25  Nexus  
  19  1:29  Assimilator  
  19  1:37  Assimilator  
  19  1:45  Cybernetics Core  
  19  1:52  Zealot  
  21  2:05  Probe (Chrono Boost)  
  22  2:13  Gateway  
  22  2:14  Gateway  
  22  2:27  Probe (Chrono Boost)  
  23  2:37  Probe (Chrono Boost)  
  24  2:53  Probe (Chrono Boost)  
  24  2:54  Probe (Chrono Boost)  
  25  2:59  Warp Gate (Chrono Boost)  
  25  3:03  Probe, Adept  
  25  3:05  Probe  
  29  3:07  Adept  
  31  3:13  Probe  
  31  3:17  Probe, Assimilator  
  35  3:20  Adept  
  35  3:24  Pylon  
  35  3:28  Probe  
  35  3:29  Probe  
  35  3:30  Assimilator  
  37  3:39  Probe  
  38  3:42  Mothership Core, Pylon  
  38  3:45  Forge  
  40  3:52  Probe  
  41  3:55  Adept  
  41  3:56  Adept x2  
  47  4:03  Probe  
  47  4:07  Twilight Council  
  47  4:08  Probe  
  49  4:15  Probe  
  50  4:18  Protoss Ground Weapons Level 1 (Chrono Boost)  
  50  4:23  Adept  
  52  4:25  Adept  
  52  4:26  Adept  
  56  4:55  Adept  
  56  4:56  Adept x2  
  56  4:57  Resonating Glaives (Chrono Boost)  
  62  5:10  Robotics Facility  
  62  5:12  Gateway  
  62  5:19  Dark Shrine  
  62  5:32  Pylon  
  62  5:33  Pylon  
  62  5:34  Pylon  
  62  5:36  Pylon  
  62  5:38  Pylon  
  62  5:43  Probe  
  62  5:44  Probe  
  50  6:10  Warp Prism  
  52  6:16  Adept  
  52  6:17  Adept x3  
  58  6:31  Gateway  
  54  6:35  Gateway  
  54  6:36  Blink (Chrono Boost)  
  54  6:37  Gateway  
  54  6:38  Adept x2  
  54  6:39  Adept x2  
  56  6:40  Protoss Ground Weapons Level 2  
  56  6:46  Immortal  
  60  7:00  Probe  
  60  7:02  Probe, Pylon  
  60  7:07  Pylon  
  62  7:09  Pylon  
  62  7:14  Probe  
  63  7:26  Stalker x4  
  63  7:29  Immortal  
  75  7:39  Nexus  
  75  7:42  Assimilator  
  75  7:46  Protoss Air Weapons Level 1  
  75  8:05  Dark Templar x3  
  81  8:06  Dark Templar  
  83  8:22  Dark Templar x3  
  89  8:41  Zealot x4  
  93  8:58  Dark Templar x3  
  77  9:22  Probe  
  77  9:24  Probe  
  70  9:27  Probe  
  71  9:33  Probe  
  71  9:36  Stalker x2, Probe  
  71  9:37  Stalker, Probe  
  79  9:43  Probe  
  81  9:48  Probe x2  
  83  9:54  Probe  
  83  9:57  Dark Templar x2  
  83  9:58  Probe  
  88  10:00  Probe  
  88  10:03  Dark Templar  
  88  10:04  Dark Templar, Probe  
  95  10:12  Probe  
  96  10:18  Dark Templar  
  96  10:20  Dark Templar  
  82  10:47  Probe  
  82  10:48  Probe  
  82  10:49  Probe  
  83  10:54  Protoss Air Armor Level 1  
  83  10:56  Immortal  
  87  10:58  Probe x2  
  87  11:01  Probe  
  90  11:05  Forge  
  90  11:08  Probe  
  90  11:09  Probe  
  90  11:10  Assimilator  
  92  11:13  Probe  
  93  11:37  Stalker x2  
  93  11:38  Stalker x5  
  85  12:32  Stalker x6  
  85  12:33  Stalker  
  89  12:55  Dark Templar  
  89  12:56  Dark Templar x5  
  77  13:09  Stalker  
  73  13:33  Stalker x3  
  73  13:34  Stalker  
  81  13:35  Stalker  
  77  13:57  Stalker x3  
  77  13:58  Stalker x3  
  87  14:16  Stalker  
  77  14:35  Stalker x2  
  77  14:36  Stalker x3  
  85  14:42  Dark Templar  
  77  15:07  Dark Templar x2  
Show
View Real Time Build Order
Export as new Build Order

Blubbel Terran - Winner!

Build Orders:  

Get SALT Encoding   

  12  0:04  SCV  
  13  0:16  SCV  
  14  0:24  Supply Depot  
  14  0:28  SCV  
  14  0:34  Refinery  
  15  0:46  SCV  
  15  0:48  Barracks  
  16  1:00  SCV  
  17  1:12  SCV  
  18  1:18  Engineering Bay  
  18  1:25  SCV  
  19  1:37  SCV  
  20  1:50  Factory  
  20  1:54  Supply Depot  
  20  1:56  Marine  
  22  2:03  Orbital Command  
  21  2:16  Marine  
  22  2:25  Command Center  
  22  2:30  SCV  
  23  2:48  Starport  
  23  3:00  Terran Infantry Weapons Level 1  
  23  3:04  SCV  
  24  3:06  Marine  
  25  3:13  Refinery  
  25  3:16  SCV  
  26  3:27  Supply Depot  
  26  3:28  SCV  
  26  3:29  Widow Mine  
  29  3:40  SCV  
  29  3:41  SCV  
  31  3:49  Bunker  
  31  3:50  Supply Depot  
  31  3:52  Medivac  
  31  3:53  SCV  
  31  3:54  Marine  
  35  4:05  SCV  
  35  4:09  Armory  
  36  4:11  Widow Mine  
  36  4:15  Marine  
  39  4:17  SCV  
  38  5:03  SCV  
  39  5:08  Medivac  
  39  5:11  Terran Infantry Weapons Level 2  
  41  5:15  SCV  
  41  5:17  Barracks  
  42  5:25  Marine  
  42  5:27  SCV  
  40  5:43  Marine  
  40  6:01  Marine  
  40  6:05  Barracks  
  39  6:19  Marine  
  39  6:20  Barracks Reactor  
  40  6:27  Barracks  
  40  6:40  Missile Turret  
  40  7:07  Planetary Fortress  
  40  7:27  Barracks Tech Lab  
  40  7:30  Barracks Reactor  
  40  7:32  Terran Infantry Weapons Level 3  
  40  7:34  Barracks  
  40  7:39  Engineering Bay  
  40  7:47  SCV  
  41  7:58  Marine, Marauder  
  43  7:59  SCV, Marine  
  46  8:09  Command Center  
  46  8:11  SCV, Factory Reactor  
  46  8:12  Starport Reactor  
  47  8:16  Marine x2  
  47  8:19  Marauder  
  49  8:28  Barracks Reactor  
  49  8:30  Marine x2  
  51  8:34  Marine x2  
  51  8:35  Stimpack  
  51  8:39  Barracks  
  53  8:42  Barracks, Marauder  
  53  8:43  Supply Depot  
  53  8:45  Supply Depot  
  53  8:48  Marine  
  54  9:02  Marine x3  
  54  9:03  Marauder  
  54  9:06  Marine  
  39  9:19  Marine  
  39  9:23  SCV  
  41  9:24  Marine  
  42  9:35  SCV x2  
  44  9:42  Barracks Reactor, Marauder  
  44  9:43  Barracks Tech Lab  
  46  9:47  SCV x2  
  48  9:59  SCV x2  
  45  10:04  Marauder  
  32  10:11  SCV x2  
  32  10:19  Marine x4  
  32  10:20  Marine x5  
  39  10:23  SCV  
  39  10:25  Marauder  
  38  10:35  SCV  
  38  10:37  Marine x2  
  38  10:39  Marauder  
  43  10:46  Marauder  
  43  10:48  Marine x2  
  47  10:55  SCV  
  48  11:00  Marauder  
  50  11:07  SCV  
  50  11:08  Marauder  
  51  11:21  Marine x4  
  51  11:22  Marine x2  
  57  11:29  Marauder  
  59  11:39  Marine x3  
  62  11:50  Marauder, Marine x3  
  62  11:51  Marauder  
  69  12:01  Supply Depot  
  69  12:06  Marine x5  
  69  12:08  Marine  
  75  12:14  Marauder  
  77  12:22  Marine x2  
  79  12:24  SCV, Marine x2  
  82  12:35  Marauder  
  82  12:36  SCV  
  85  12:40  Supply Depot  
  85  12:42  Orbital Command  
  85  12:57  SCV  
  85  13:02  Marauder  
  57  14:13  Marine x4  
  57  14:14  Marine x3  
  64  14:27  Refinery  
  64  14:28  Refinery  
  64  14:31  Marine x5  
  64  14:32  Marine x2  
  71  14:49  Marine x6  
Show
View Real Time Build Order
Export as new Build Order

Smexxi Zerg 

Build Orders: Hatch First, Zergling Baneling 

Get SALT Encoding   

  12  0:01  Drone  
  13  0:08  Drone  
  14  0:41  Overlord  
  14  0:53  Hatchery  
  13  0:59  Spawning Pool  
  13  1:01  Drone  
  13  1:08  Drone  
  13  1:10  Drone  
  15  1:14  Drone  
  16  1:23  Drone  
  17  1:35  Drone  
  17  1:36  Extractor  
  17  1:40  Extractor  
  16  1:49  Drone  
  17  2:02  Drone  
  17  2:08  Queen x2  
  18  2:12  Zergling x2  
  23  2:21  Metabolic Boost  
  23  2:23  Drone  
  23  2:26  Drone  
  25  2:32  Drone  
  25  2:33  Drone  
  27  2:40  Overlord  
  27  2:47  Baneling Nest  
  26  2:54  Drone x2  
  28  3:02  Drone x3  
  28  3:03  Drone  
  32  3:10  Zergling x2  
  33  3:13  Overlord  
  33  3:17  Zergling x2  
  33  3:19  Zergling x4  
  36  3:26  Spine Crawler  
  35  3:27  Zergling x2  
  35  3:33  Zergling x6  
  39  3:43  Zergling x2  
  39  3:44  Zergling x4  
  39  3:47  Zergling x2  
  43  3:49  Zergling x2  
  43  3:55  Overlord x3  
  44  4:04  Baneling  
  44  4:05  Baneling x8  
  44  4:06  Baneling  
  44  4:10  Overlord  
  44  4:13  Zergling x2  
  44  4:14  Zergling x2  
  44  4:16  Drone  
  47  4:18  Drone  
  47  4:23  Drone x2  
  50  4:42  Drone  
  50  4:43  Drone x5  
  54  4:55  Drone  
  54  4:56  Drone x6  
  54  4:58  Extractor  
  60  5:00  Extractor  
  59  5:12  Hatchery  
  58  5:25  Drone x2  
  58  5:26  Drone x4  
  64  5:29  Drone x2  
  64  5:30  Drone  
  53  5:57  Drone x3  
  53  5:58  Drone x2  
  53  6:00  Zergling x2  
  53  6:01  Zergling x2  
  53  6:04  Zergling x2  
  61  6:13  Zergling x4  
  63  6:26  Hatchery  
  63  6:28  Zergling x12  
  63  6:29  Zergling x4  
  69  6:43  Drone x3  
  69  6:45  Drone x2, Extractor x2  
  72  6:48  Queen  
  72  6:52  Lair  
  74  6:59  Evolution Chamber  
  74  7:01  Evolution Chamber  
  72  7:05  Drone x2  
  62  7:28  Zerg Melee Weapons Level 1  
  62  7:29  Zerg Ground Armor Level 1  
  62  7:31  Zergling x24  
  74  7:44  Drone x6  
  80  7:55  Nydus Network  
  79  8:03  Baneling x9  
  79  8:04  Baneling x15  
  79  8:05  Zergling x2  
  80  8:06  Overlord x3  
  80  8:13  Extractor  
  80  8:14  Extractor  
  80  8:18  Spire  
  77  8:22  Spire, Infestation Pit, Zergling x2  
  77  8:23  Zergling x8  
  77  8:24  Overlord x5  
  77  8:25  Overlord x4  
  80  8:27  Queen  
  82  8:38  Hatchery  
  81  8:45  Nydus Canal  
  81  8:50  Centrifical Hooks  
  81  8:53  Zergling x2  
  81  8:54  Zergling x26  
  85  9:19  Zergling x2  
  85  9:20  Zergling x18  
  93  9:24  Zerg Ground Armor Level 2, Zerg Melee Weapons Level 2  
  93  9:29  Drone x3  
  93  9:30  Drone x3  
  99  9:39  Zergling x6  
  99  9:42  Zerg Flyer Weapons Level 1, Zerg Flyer Armor Level 1  
  99  9:44  Hive, Zergling x2  
  103  9:47  Zergling x2  
  103  9:48  Zergling x2  
  103  9:49  Zergling x2  
  100  10:22  Zergling x2  
  100  10:23  Zergling x28  
  100  10:26  Baneling  
  100  10:27  Baneling x13  
  91  10:51  Corruptor x2  
  91  10:52  Corruptor x8  
  91  10:53  Corruptor  
  105  11:11  Corruptor x4  
  99  11:30  Zergling x6  
  99  11:31  Zergling x16  
  110  11:37  Greater Spire  
  110  11:52  Baneling x5  
  110  11:53  Baneling  
  108  11:58  Zergling x22  
  110  12:09  Zergling x2  
  110  12:10  Zergling x18  
  117  12:26  Zergling x6  
  117  12:27  Zergling x14  
  107  12:37  Zergling x2  
  107  12:38  Zergling x8  
  94  13:00  Zergling x14  
  94  13:01  Zergling x22  
  90  13:21  Corruptor  
  90  13:25  Baneling x2  
  90  13:26  Baneling x12  
  76  13:28  Brood Lord  
  71  13:52  Corruptor  
  67  13:57  Corruptor  
  75  14:10  Brood Lord x3  
  61  14:33  Zergling x2  
  61  14:34  Zergling x34  
Show
View Real Time Build Order
Export as new Build Order

SadlyBoat Zerg 

Build Orders: Hatch First 

Get SALT Encoding   

  12  0:02  Drone  
  13  0:12  Drone  
  14  0:36  Hatchery  
  13  0:44  Drone  
  14  0:55  Spawning Pool  
  13  0:58  Drone  
  14  1:06  Overlord  
  14  1:24  Drone  
  14  1:25  Drone x2  
  17  1:28  Extractor  
  16  1:36  Drone  
  17  1:56  Drone x2  
  17  1:58  Queen  
  21  2:02  Queen  
  21  2:08  Drone  
  24  2:09  Drone  
  25  2:21  Drone  
  26  2:29  Drone x2  
  28  2:41  Metabolic Boost  
  28  2:45  Overlord x2  
  28  2:58  Overlord  
  28  3:03  Drone x3, Queen  
  28  3:04  Drone  
  34  3:08  Roach Warren  
  33  3:13  Drone x2  
  33  3:14  Drone x4  
  33  3:15  Drone  
  40  3:21  Drone  
  40  3:22  Drone  
  42  3:44  Drone  
  42  3:45  Drone x7  
  42  3:46  Drone  
  51  4:00  Extractor  
  50  4:10  Extractor x2  
  48  4:25  Lair  
  48  4:29  Roach  
  48  4:30  Roach  
  48  4:31  Overlord x2  
  52  4:39  Hatchery  
  51  4:46  Drone  
  52  5:05  Evolution Chamber  
  51  5:10  Roach x5  
  51  5:11  Roach x3  
  51  5:13  Overlord x2  
  67  5:25  Glial Reconstitution  
  67  5:31  Evolution Chamber, Zerg Missile Weapons Level 1  
  66  5:40  Roach  
  66  5:41  Roach x8  
  73  6:25  Zerg Ground Armor Level 1  
  73  6:28  Drone x4  
  73  6:32  Drone x6  
  79  6:37  Roach x3  
  83  6:52  Spine Crawler x2  
  83  6:54  Spore Crawler  
  80  7:01  Drone x2  
  80  7:02  Drone x5  
  80  7:07  Spine Crawler  
  80  7:08  Spine Crawler  
  83  7:12  Spore Crawler  
  83  7:15  Drone x4  
  84  7:18  Zergling x4  
  84  7:19  Zergling x2  
  89  7:25  Drone  
  89  7:27  Overlord x3  
  90  7:32  Drone  
  87  7:56  Roach  
  87  7:57  Roach x10  
  109  8:03  Overseer  
  109  8:06  Queen  
  110  8:13  Drone  
  110  8:14  Drone x3  
  114  8:27  Overlord x2  
  114  8:28  Overlord  
  112  8:45  Drone  
  112  8:46  Drone x7  
  101  9:12  Hatchery  
  100  9:26  Roach x9  
  118  9:52  Roach x3  
  116  10:02  Roach  
  116  10:03  Roach x5  
  108  10:26  Zergling x14  
  107  10:30  Queen  
  107  10:33  Drone  
  62  10:55  Roach x5  
  62  10:56  Roach x2  
  76  11:00  Zerg Missile Weapons Level 2  
  76  11:06  Queen  
  78  11:15  Drone x2  
  78  11:16  Drone  
  78  11:17  Zergling x2  
  82  11:28  Drone x2  
  84  11:41  Roach x3  
  93  11:54  Roach x3  
  93  12:01  Overseer  
  50  12:19  Roach x7  
  50  12:20  Roach  
  66  12:33  Roach x2  
  66  12:34  Roach  
  72  12:41  Drone x4  
  76  13:05  Roach x4  
  80  13:06  Roach  
  80  13:07  Overseer  
  82  13:15  Overseer  
  56  13:41  Roach x5  
  56  13:42  Roach x6  
  74  14:13  Roach x4  
  74  14:14  Roach x6  
  66  14:27  Drone x4  
  66  14:28  Roach  
  66  14:29  Roach x2  
  76  14:32  Roach  
Tags
 
Add a new tag
Caveats
  • Supply blocks, unpowered buildings, or Contaminate may cause inaccurate times.
  • Supply counts are checked every 10 seconds.